Selects Advanced Infantry Battlegroup
Construct Weapon Support Center
Construct Weapon Support Center
Improved M9 Bazooka Rockets
Mechanized Support Center
M3 Armored Personnel Carrier
Selects Ammunition Storage
Selects M2A1 105mm Howitzer Emplacement
Selects 155mm Rapid Artillery Barrage
155mm Rapid Artillery Barrage
155mm Rapid Artillery Barrage
Selects Convert to Ranger Squad
Selects Frontline Medical Station
Designate Forward Repair Station
155mm Rapid Artillery Barrage
155mm Rapid Artillery Barrage
155mm Rapid Artillery Barrage